 Dungeon Crawl Stone Soup version 0.17.1-2-g5865329 (webtiles) character file.

71154 Grim the Shatterer (level 15, -10/189 HPs)
             Began as an Ogre Berserker on Feb 16, 2016.
             Was a High Priest of Trog.
             Mangled by a catoblepas (23 damage)
             ... on level 8 of the Lair of Beasts.
             The game lasted 01:17:57 (36861 turns).

Grim the Shatterer (Ogre Berserker)                Turns: 36861, Time: 01:17:57

Health: -10/189    AC:  4    Str: 28    XL:     15   Next: 35%
Magic:  15/15      EV: 10    Int:  6    God:    Trog [*****.]
Gold:   316        SH:  0    Dex: 14    Spells: 0 memorised, 14 levels left

rFire  . . .     SeeInvis +     T - +7 giant club "Wajuilov" {drain, rPois}
rCold  + + .     Clarity  .     W - +0 animal skin {rC+}
rNeg   + . .     SustAt   .     (shield currently unavailable)
rPois  +         Gourm    .     (helmet restricted)
rElec  .         Spirit   .     Y - +0 cloak {rPois}
rCorr  .         Warding  .     (gloves unavailable)
rMut   .         Stasis   .     (boots unavailable)
MR     +++..                    s - amulet of regeneration
Stlth  ++........               u - ring of Shadows {Umbra +Inv rN+ SInv}
                                Z - +2 ring of slaying

@: lethally poisoned (-10 -> -10), regenerating, wreathed by umbra, extremely
resistant to hostile enchantments, unstealthy
A: unfitting armour, see invisible, cold resistance 1, strong 1, tough skin 1
a: Berserk, Trog's Hand, Brothers in Arms, Burn Spellbooks, Renounce Religion,
Evoke Invisibility


You were on level 8 of the Lair of Beasts.
You worshipped Trog.
Trog was extremely pleased with you.
You were hungry.

You visited 2 branches of the dungeon, and saw 19 of its levels.
You also visited: Labyrinth and Ice Cave.

You collected 1569 gold pieces.
You spent 1253 gold pieces at shops.

Inventory:

Hand Weapons
 K - a +6 antimagic giant spiked club
 T - the +7 giant club "Wajuilov" (weapon) {drain, rPois}
   (Trog gifted it to you on level 1 of the Lair of Beasts)

   A truly terrible weapon, it drains the life of those it strikes.
   It protects you from poison.
Missiles
 L - 4 large rocks (quivered)
Armour
 W - a +0 animal skin of cold resistance (worn)
 Y - a +0 cloak of poison resistance (worn)
Jewellery
 s - an amulet of regeneration (around neck)
 u - the ring of Shadows (right hand) {Umbra +Inv rN+ SInv}
   (You bought it in a shop on level 6 of the Dungeon)

   [ring of invisibility]

   It protects you from negative energy.
   It lets you see invisible.
   It lets you turn invisible.
 Z - a +2 ring of slaying (left hand)
Wands
 r - a wand of confusion (19)
 x - a wand of lightning (13)
 E - a wand of teleportation (0)
 F - a wand of digging (0)
 G - a wand of cold (5)
 I - a wand of disintegration (14)
 M - a wand of fire (12)
 O - a wand of draining (8)
 P - a wand of disintegration (13)
 U - a wand of flame (21)
Scrolls
 a - 9 scrolls of remove curse
 b - 3 scrolls of identify
 d - 7 scrolls of enchant weapon
 e - 2 scrolls of magic mapping
 f - 7 scrolls of fear
 g - 2 scrolls of vulnerability
 t - 6 scrolls of enchant armour
 y - 7 scrolls of recharging
 z - 3 scrolls of blinking
 C - 6 scrolls of fog
 J - a scroll of torment
 R - 2 scrolls of noise
 S - 2 scrolls of immolation
 X - a scroll of silence {unknown}
Potions
 h - a potion of resistance
 i - a potion of cure mutation {!q}
 l - 2 potions of agility
 m - 3 potions of haste
 q - 7 potions of curing
 v - a potion of mutation {!q}
 A - 2 potions of brilliance
 D - 4 potions of might
 H - 2 potions of flight
 N - a potion of ambrosia
 Q - a potion of cancellation
Comestibles
 c - a chunk of flesh
 j - 3 slices of pizza
 k - a meat ration
 n - a royal jelly
 p - 14 fruits
 w - 7 beef jerkies


   Skills:
 + Level 22.1 Fighting
 + Level 22.4 Maces & Flails
 - Level 2.6 Dodging


You had 14 spell levels left.
You didn't know any spells.

Dungeon Overview and Level Annotations

Branches:
Dungeon (11/15)            Temple (0/1) D:5            Lair (8/8) D:11
  Swamp (0/4) Lair:5        Snake (0/4) Lair:4        Slime (0/6) Lair:6
    Orc (0/4) D:10

Altars:
Ashenzari
Dithmenos
Fedhas
Gozag
Kikubaaqudgha
Nemelex Xobeh
Okawaru
Ru
Sif Muna

Shops:
D:4 *   D:6 =   D:7 [


Innate Abilities, Weirdness & Mutations

You are too large for most types of armour.
You have tough skin (AC +1).
You have supernaturally acute eyesight.
Your flesh is cold resistant.
Your muscles are strong. (Str +2)


Message History

The black mamba is engulfed in calcifying dust.
You feel sick.
The black mamba is engulfed in calcifying dust.
The catoblepas gores you!
* * * LOW HITPOINT WARNING * * *
Drink which item? (? for menu, Esc to quit)
You feel much better.
You feel sick.
The black mamba is engulfed in calcifying dust.
The catoblepas gores you.
* * * LOW HITPOINT WARNING * * *
The black mamba is engulfed in calcifying dust.
You feel sick.
The black mamba is engulfed in calcifying dust.
The catoblepas gores you!
* * * LOW HITPOINT WARNING * * *
The black mamba is engulfed in calcifying dust.
You feel sick. The catoblepas gores you.
* * * LOW HITPOINT WARNING * * *
You feel sick. The catoblepas gores you!!
You die...

## #. #. #. #..
#. ..... ###.#.
#.#...
##.....####
#.....#@..#
#P....##Y.#
#.....#DS.#######
#.....####P.#..#
#P.......#...P.#
##.............##
##.............##
##P...#........#
###.P####.....##


You could see a catoblepas and a black mamba (petrified).

Vanquished Creatures
  Rupert (Lair:5)
  A minotaur (Lab)
  Josephine (Lair:7)
  4 hydras
  A catoblepas (Lair:5)
  The ghost of Grim the Cruncher, a novice MiGl of Trog (D:8)
  10 death yaks
  Urug (Lair:1)
  A fire crab (Lair:6)
  The ghost of MirrMurr the Unseen, a journeyman SpEn of Ashenzari (Lair:3)
  An unseen horror (D:10)
  2 hill giants
  3 oklob plants (Lair:5)
  3 griffons
  A cyclops (D:11)
  14 elephants
  Maurice (D:9)
  2 manticores
  4 black mambas
  An ice statue (IceCv)
  15 spiny frogs
  A naga mage (Lair:4)
  A centaur skeleton (D:11)
  8 komodo dragons
  A fire drake (Lair:8)
  26 blink frogs
  A two-headed ogre (D:11)
  15 polar bears
  A boulder beetle (Lair:7)
  A snapping turtle (shapeshifter) (D:11)
  4 wraiths (Lair:7)
  A spriggan (D:8)
  A shadow (D:11)
  4 wyverns
  43 yaks
  4 basilisks
  2 steam dragons
  24 wolves
  13 hippogriffs
  22 porcupines
  17 water moccasins
  4 sky beasts
  3 black bears
  An ice beast (D:8)
  7 orc warriors
  3 necrophages
  6 ogres
  5 phantoms
  22 crocodiles
  10 centaurs
  A big kobold (D:10)
  27 giant frogs
  2 gnoll sergeants
  2 scorpions
  A wyvern skeleton (D:11)
  22 killer bees
  A giant frog zombie (D:9)
  8 crimson imps
  7 hounds
  6 orc priests
  A giant frog skeleton (D:6)
  A centaur zombie (D:8)
  7 orc wizards
  11 iguanas
  2 gnoll shamans (D:6)
  A quasit (D:7)
  10 worker ants
  11 sheep
  43 river rats
  23 gnolls
  14 adders
  2 shadow imps
  An ooze (D:1)
  2 adder zombies
  An adder skeleton (D:9)
  6 giant geckos
  32 orcs
  11 bats
  2 giant cockroaches (D:1)
  6 goblins
  4 hobgoblins
  6 quokkas
  2 ball pythons
  A giant cockroach zombie (D:5)
  A giant gecko zombie (D:6)
  7 giant newts
  15 jackals
  A jackal zombie (D:5)
  12 kobolds
  A quokka skeleton (D:7)
  10 rats
  3 plants
647 creatures vanquished.

Vanquished Creatures (collateral kills)
  A frost giant (IceCv)
  2 polar bears (IceCv)
  A wolf (IceCv)
  2 yaks (IceCv)
6 creatures vanquished.

Vanquished Creatures (others)
  A wolf (IceCv)
  27 fungi
  13 plants
41 creatures vanquished.

Grand Total: 694 creatures vanquished

Notes
Turn   | Place    | Note
--------------------------------------------------------------
     0 | D:1      | Grim the Ogre Berserker began the quest for the Orb.
     0 | D:1      | Reached XP level 1. HP: 24/24 MP: 1/1
   267 | D:1      | Reached XP level 2. HP: 32/32 MP: 2/2
   980 | D:1      | Reached skill level 5 in Maces & Flails
   980 | D:1      | Reached XP level 3. HP: 33/40 MP: 3/3
  1401 | D:2      | Reached ** piety under Trog
  1461 | D:2      | Found a shadowy altar of Dithmenos.
  1461 | D:2      | Found an ancient bone altar of Kikubaaqudgha.
  1595 | D:2      | Found an iron altar of Okawaru.
  1701 | D:2      | Found a sparkling altar of Nemelex Xobeh.
  1701 | D:2      | Noticed an orc warrior
  1718 | D:2      | Got a pitted jade amulet
  1722 | D:2      | Identified the amulet "Ywnoviby" {rMut rPois MR- Str+5 Dex+3} (You found it on level 2 of the Dungeon)
  2158 | D:3      | Reached skill level 5 in Fighting
  2158 | D:3      | Reached XP level 4. HP: 34/50 MP: 4/4
  2437 | D:3      | Found an opulent altar of Gozag.
  3036 | D:3      | Reached skill level 6 in Maces & Flails
  3327 | D:3      | Noticed a phantom
  3391 | D:3      | Killed a phantom
  3391 | D:3      | Reached XP level 5. HP: 21/59 MP: 5/5
  3651 | D:4      | Reached XP level 6. HP: 53/68 MP: 6/6
  3938 | D:4      | Found Baetiam's Assorted Antiques.
  3945 | D:4      | Reached skill level 7 in Maces & Flails
  4024 | D:4      | Found a shadowy altar of Dithmenos.
  4178 | D:4      | Found a shattered altar of Ashenzari.
  4288 | D:5      | Entered Level 5 of the Dungeon
  4838 | D:5      | Reached XP level 7. HP: 51/78 MP: 7/7
  5267 | D:5      | Reached skill level 8 in Maces & Flails
  6124 | D:5      | Found a staircase to the Ecumenical Temple.
  6185 | D:6      | Reached skill level 9 in Maces & Flails
  6205 | D:6      | Found a blossoming altar of Fedhas.
  6231 | D:6      | Reached *** piety under Trog
  6231 | D:6      | Reached XP level 8. HP: 41/91 MP: 8/8
  6801 | D:6      | HP: 6/138 [gnoll/spear of venom (1)]
  6806 | D:6      | HP: 4/138 [poisoned by a gnoll]
  6811 | D:6      | HP: 5/138 [poisoned by a gnoll]
  6816 | D:6      | HP: 3/92 [poisoned by a gnoll]
  6821 | D:6      | HP: 3/92 [poisoned by a gnoll]
  7248 | D:6      | Reached skill level 10 in Maces & Flails
  7326 | D:6      | Found Luulah's Jewellery Shoppe.
  7537 | D:6      | Reached skill level 10 in Fighting
  8706 | D:6      | Gained mutation: You have supernaturally acute eyesight. [potion of beneficial mutation]
  8737 | D:6      | Found a sacrificial altar of Ru.
  8851 | D:6      | Found a deep blue altar of Sif Muna.
  8925 | D:6      | Noticed a manticore
  8938 | D:6      | HP: 3/144 [manticore (10)]
  8941 | D:6      | Killed a manticore
  8941 | D:6      | Reached skill level 11 in Fighting
  8941 | D:6      | Reached XP level 9. HP: 4/105 MP: 9/9
  9836 | D:7      | Reached skill level 12 in Maces & Flails
  9986 | D:7      | Found Xuits's Antique Armour Boutique.
 11007 | D:7      | Reached XP level 10. HP: 118/118 MP: 10/10
 11067 | D:7      | Reached skill level 13 in Maces & Flails
 12645 | D:8      | Reached **** piety under Trog
 13362 | D:8      | Reached skill level 14 in Maces & Flails
 13627 | D:8      | Noticed Grim's ghost (novice MiGl)
 13653 | D:8      | Killed Grim's ghost
 13906 | D:9      | Noticed Maurice
 14183 | D:9      | Killed Maurice
 14213 | D:9      | Reached XP level 11. HP: 67/131 MP: 11/11
 14540 | D:9      | Reached skill level 15 in Maces & Flails
 15177 | D:9      | Reached skill level 15 in Fighting
 16037 | D:10     | Entered Level 10 of the Dungeon
 16139 | D:10     | Noticed an unseen horror
 16150 | D:10     | Killed an unseen horror
 16555 | D:10     | Found a sparkling altar of Nemelex Xobeh.
 17051 | D:10     | Noticed a hill giant
 17054 | D:10     | Gained mutation: Your flesh is cold resistant. [potion of beneficial mutation]
 17055 | D:10     | Gained mutation: Your muscles are strong. (Str +2) [potion of beneficial mutation]
 17063 | D:10     | Reached ***** piety under Trog
 17069 | D:10     | Killed a hill giant
 17074 | D:10     | Reached skill level 16 in Maces & Flails
 17496 | D:10     | Found a staircase to the Orcish Mines.
 17913 | D:11     | Noticed a hill giant
 17929 | D:11     | Killed a hill giant
 18606 | D:11     | Found a staircase to the Lair.
 18898 | D:11     | Reached XP level 12. HP: 70/146 MP: 12/12
 19224 | D:11     | Reached skill level 17 in Maces & Flails
 19377 | Lair:1   | Entered Level 1 of the Lair of Beasts
 19703 | Lair:1   | Noticed Urug
 19718 | Lair:1   | Killed Urug
 19746 | Lair:1   | Received a gift from Trog
 19749 | Lair:1   | Got a smoking giant club {god gift}
 19750 | Lair:1   | Identified the +7 giant club "Wajuilov" {drain, rPois} (Trog gifted it to you on level 1 of the Lair of Beasts)
 20219 | Lair:1   | Found a blossoming altar of Fedhas.
 20860 | Lair:1   | Reached skill level 18 in Maces & Flails
 22019 | Lair:2   | Reached XP level 13. HP: 145/158 MP: 13/13
 22280 | Lair:2   | Received a gift from Trog
 22515 | Lair:2   | Reached skill level 19 in Maces & Flails
 22972 | Lair:3   | Found a frozen archway.
 22982 | Lair:3   | Noticed MirrMurr's ghost (journeyman SpEn)
 22988 | Lair:3   | Killed MirrMurr's ghost
 22994 | IceCv    | Entered an ice cave
 24157 | IceCv    | Noticed a frost giant
 24170 | IceCv    | Killed a frost giant
 24877 | Lair:3   | Reached skill level 20 in Maces & Flails
 26007 | Lair:4   | Found a staircase to the Snake Pit.
 26130 | Lair:4   | Reached XP level 14. HP: 108/175 MP: 14/14
 26843 | D:6      | Bought an uncursed amulet of regeneration for 390 gold pieces
 26843 | D:6      | Bought the ring of Shadows {Umbra +Inv rN+ SInv} for 590 gold pieces
 26897 | D:8      | Received a gift from Trog
 27898 | Lair:5   | Found a staircase to the Swamp.
 27933 | Lair:5   | Noticed Rupert
 27949 | Lair:5   | Killed Rupert
 28227 | Lair:5   | HP: 7/176 [death yak (27)]
 28555 | Lair:5   | Reached skill level 21 in Maces & Flails
 29453 | Lair:6   | Found a staircase to the Slime Pits.
 29936 | D:6      | Bought a +2 ring of slaying for 273 gold pieces
 30804 | Lair:7   | Found a labyrinth entrance.
 30818 | Lab      | Entered a labyrinth
 34842 | Lair:7   | Noticed Josephine
 34854 | Lair:7   | Killed Josephine
 34857 | Lair:7   | Reached XP level 15. HP: 187/187 MP: 15/15
 34965 | Lair:7   | Received a gift from Trog
 35612 | Lair:7   | Reached skill level 22 in Maces & Flails
 36071 | Lair:8   | Entered Level 8 of the Lair of Beasts
 36854 | Lair:8   | HP: 2/189 [black mamba (18)]
 36861 | Lair:8   | Mangled by a catoblepas

Action                   |  1- 3 |  4- 6 |  7- 9 | 10-12 | 13-15 || total
-------------------------+-------+-------+-------+-------+-------++-------
Melee: Mace              |    31 |       |       |       |       ||    31
       Whip              |   130 |   231 |   466 |   402 |       ||  1229
       Flail             |       |       |       |   301 |       ||   301
       Giant club        |       |       |       |   170 |   656 ||   826
Throw: Throwing net      |       |       |       |     1 |       ||     1
Invok: Berserk           |     1 |     1 |    11 |    19 |     9 ||    41
       Trog's Hand       |       |     1 |     9 |     5 |     4 ||    19
       Burn Spellbooks   |       |       |     1 |     3 |     1 ||     5
       Brothers in Arms  |       |       |       |       |     3 ||     3
Evoke: Wand              |       |       |       |     1 |     1 ||     2
  Use: Scroll            |       |       |    13 |     3 |    22 ||    38
       Potion            |       |       |     5 |     7 |     4 ||    16
 Stab: Paralysed         |       |       |     2 |       |       ||     2
       Sleeping          |       |       |       |     1 |     3 ||     4
       Distracted        |       |       |       |       |     1 ||     1
       Petrified         |       |       |       |       |     1 ||     1
  Eat: Chunk             |     3 |       |     1 |    27 |    18 ||    49
       Bread ration      |     1 |     2 |     1 |     6 |     5 ||    15
       Meat ration       |       |       |     5 |       |     3 ||     8
       Beef jerky        |       |       |       |     3 |       ||     3
       Fruit             |       |       |       |       |     6 ||     6
